 Dungeon Crawl Stone Soup version 0.14-a0-1076-gee4852e (webtiles) character file.

11661 PolkaDot the Conjurer (level 11, -1/68 HPs)
             Began as a Vampire Conjurer on Nov 25, 2013.
             Was an Elder of Vehumet.
             Slain by a yak (13 damage)
             ... in an ice cave.
             The game lasted 01:27:49 (17057 turns).

PolkaDot the Conjurer (Vampire Conjurer)           Turns: 17057, Time: 01:27:49

HP  -1/68        AC  9     Str  7      XL: 11   Next: 49%
MP   5/22        EV 12     Int 20      God: Vehumet [****..]
Gold 233         SH  0     Dex 14      Spells:  7 memorised,  0 levels left

rFire  . . .     SeeInvis +     g - +6,+7 captain's cutlass {speed}
rCold  + . .     Clarity  .     b - +0 robe (curse)
rNeg   . . .     Conserve +     (no shield)
rPois  .         rCorr    +     (no helmet)
rElec  .         rRot     .     w - +1 cloak {rCorr, Cons}
SustAb . .       Spirit   .     r - +1 pair of orc gloves
rMut   .         Warding  .     (no boots)
Saprov . . .     Stasis   .     (no amulet)
                                t - ring of protection from cold
                                k - +3 ring of protection

@: regenerating quickly, somewhat resistant to hostile enchantments, stealthy
A: bottle blood, fangs 3, see invisible, unbreathing
a: Bottle Blood, Renounce Religion


You were in an ice cave.
You worshipped Vehumet.
Vehumet was greatly pleased with you.
You were very full.

You visited 3 branches of the dungeon, and saw 13 of its levels.
You also visited: Ossuary and Ice Cave.

You collected 723 gold pieces.
You spent 490 gold pieces at shops.

Inventory:

Hand weapons
 g - the +6,+7 captain's cutlass (weapon) {speed}
   (You found it on level 9 of the Dungeon)

   Attacks with this weapon take half as long, but cause slightly less damage.
Armour
 b - a cursed +0 robe (worn)
 r - a +1 pair of orcish gloves (worn)
 w - a +1 cloak of preservation (worn)
Magical devices
 q - a wand of paralysis (13)
 C - a wand of fire (5)
 G - a wand of paralysis (10)
Scrolls
 d - a scroll of blinking
 e - 3 scrolls of enchant armour
 f - 3 scrolls of teleportation
 i - a scroll of amnesia {unknown}
 n - 5 scrolls of remove curse
 o - 3 scrolls of enchant weapon II
 x - 4 scrolls of recharging {unknown}
 y - 2 scrolls of enchant weapon I
 D - a scroll of curse armour {unknown}
Jewellery
 k - a +3 ring of protection (left hand)
 t - a ring of protection from cold (right hand)
Potions
 l - 5 potions of blood
Books
 c - a book of Conjurations

   Spells                             Type                      Level
   *Magic Dart                        Conjuration                  1
   *Searing Ray                       Conjuration                  2
   Dazzling Spray                     Conjuration/Hexes            3
   *Iskenderun's Mystic Blast         Conjuration                  4
   Iskenderun's Battlesphere          Conjuration/Charms           4
   Fulminant Prism                    Conjuration/Hexes            5
 E - a book of Air

   Spells                             Type                      Level
   *Shock                             Conjuration/Air              1
   Swiftness                          Charms/Air                   2
   Repel Missiles                     Charms/Air                   2
   Flight                             Charms/Air                   3
   Static Discharge                   Conjuration/Air              3
   *Lightning Bolt                    Conjuration/Air              5


   Skills:
 - Level 2.1 Dodging
 - Level 3.0 Stealth
 - Level 4.2 Spellcasting
 * Level 11.9 Conjurations
 * Level 9.4 Air Magic


You couldn't memorise any spells.
You knew the following spells:

 Your Spells              Type           Power        Failure   Level  Hunger
a - Throw Flame           Conj/Fire      ####..       1%          2    #......
b - Magic Dart            Conj           ####         1%          1    None
c - Mephitic Cloud        Conj/Pois/Air  ####....     1%          3    ###....
d - Iskenderun's Mystic   Conj           ######..     1%          4    ####...
s - Searing Ray           Conj           ######       1%          2    #......
z - Lightning Bolt        Conj/Air       #####.....   1%          5    #####..
A - Shock                 Conj/Air       ####         1%          1    None


Dungeon Overview and Level Annotations

Branches:
Dungeon (10/16)            Temple (1/1) D:6             Orc (0/4) D:9
   Lair (2/8) D:9

Altars:
Ashenzari
Cheibriados
Elyvilon
Fedhas
Kikubaaqudgha
Makhleb
Nemelex Xobeh
Okawaru
Sif Muna
Trog
Vehumet
Xom
Yredelemnul
Zin
the Shining One
Beogh

Shops:
D:6 +*   D:7 !

Annotations:
D:10 Harold, Psyche


Innate Abilities, Weirdness & Mutations

Your natural rate of healing is unusually fast.
You can bottle blood from corpses.
You have razor-sharp teeth.*
You have supernaturally acute eyesight.
You can survive without breathing.*


Message History

It was a potion of berserk rage.
The yak closely misses you.
Evoke which item? (* to show all) (? for menu, Esc to quit)
Zapping:
G - a wand of paralysis
Press: ? - help, Shift-Dir - straight line, f - yak
Aim: a yak (heavily wounded)
The yak easily resists.
The yak gores you but does no damage.
Evoke which item? (* to show all) (? for menu, Esc to quit)
Zapping:
G - a wand of paralysis {zapped: 1}
Press: ? - help, Shift-Dir - straight line, f/p - yak
Aim: a yak (heavily wounded)
The yak suddenly stops moving!
Drink which item? (? for menu, Esc to quit)
Yummy - fresh blood!
Drink which item? (? for menu, Esc to quit)
Yummy - fresh blood!
Drink which item? (? for menu, Esc to quit)
Yummy - fresh blood!
Drink which item? (? for menu, Esc to quit)
Yummy - fresh blood!
The yak is no longer paralysed.
The yak gores you!
You die...

## ###### .##
##....####### ..##
##)#.##...##.##
...####.#.#####...#.##
##...####...# ##..#..#
###...##...## ###...#
###..##...## ##..##
.##..###..# ##..##
##..####..# #@.##
#.....#..## #hY###
##.#....## #.hY#
######## ##.U ... #..#
.#


You could see a polar bear, 2 yaks and 2 wolves.

Vanquished Creatures
  An ice statue (IceCv)
  Maurice (D:10)
  A black mamba (Lair:1)
  5 spiny frogs (Lair:1)
  A troll (D:9)
  2 polar bears (IceCv)
  2 komodo dragons (Lair:1)
  A two-headed ogre (D:9)
  7 yaks
  A hungry ghost (D:9)
  A manticore (D:9)
  2 ice beasts
  12 wolves
  5 orc warriors
  2 phantoms
  3 black bears
  3 centaurs
  4 ogres
  An agate snail (Lair:1)
  4 giant frogs
  A water moccasin (D:10)
  A cyclops skeleton (D:8)
  An eye of draining (D:9)
  8 wights
  6 killer bees (D:10)
  6 crimson imps
  2 goliath beetles (D:9)
  A giant frog zombie (D:9)
  4 hounds
  Crazy Yiuf (D:2)
  3 jellies
  5 orc priests
  A giant frog skeleton (D:6)
  2 scorpions (D:5)
  4 iguanas
  5 orc wizards
  13 worker ants
  18 sheep
  7 big kobold zombies (Ossuary)
  Ijyb (D:2)
  A hound skeleton (D:10)
  2 mummies
  3 gnolls (D:2)
  9 adders
  12 white imps (Lair:2)
  A giant centipede (Lair:1)
  14 green rats (Lair:1)
  2 worms
  2 giant eyeballs
  5 giant geckos
  41 orcs
  5 spectral bats (Ossuary)
  3 ball pythons
  6 giant cockroaches
  4 gnoll zombies (Ossuary)
  8 hobgoblins
  11 jackals
  3 quokkas
  23 bats
  2 bat simulacra (Ossuary)
  A giant gecko skeleton (D:4)
  A giant gecko zombie (D:5)
  3 giant newts
  12 goblins
  2 goblin simulacra (Ossuary)
  6 goblin zombies (Ossuary)
  A hobgoblin skeleton (D:8)
  3 hobgoblin zombies (Ossuary)
  A jackal skeleton (D:8)
  17 kobolds
  2 kobold simulacra (Ossuary)
  5 kobold zombies (Ossuary)
  An orc skeleton (D:8)
  3 orc zombies (Ossuary)
  12 rats
  3 rat simulacra (Ossuary)
  A rat skeleton (D:5)
  2 spectral goblins (Ossuary)
  2 spectral kobolds (Ossuary)
  5 spectral rats (Ossuary)
389 creatures vanquished.

Vanquished Creatures (others)
  A polar bear (IceCv)
  A yak (IceCv)
  2 wolves (IceCv)
  A gnoll zombie (Ossuary)
  An orc zombie (Ossuary)
6 creatures vanquished.

Grand Total: 395 creatures vanquished

Notes
Turn   | Place    | Note
--------------------------------------------------------------
     0 | D:1      | PolkaDot, the Vampire Conjurer, began the quest for the Orb.
     0 | D:1      | Reached XP level 1. HP: 13/13 MP: 4/4
   377 | D:1      | Reached XP level 2. HP: 19/19 MP: 1/5
   423 | D:1      | Learned a level 2 spell: Searing Ray
  1128 | D:2      | Noticed Ijyb
  1154 | D:2      | Killed Ijyb
  1154 | D:2      | Reached XP level 3. HP: 24/24 MP: 0/6
  1315 | D:2      | Reached skill level 4 in Conjurations
  1319 | D:2      | Reached XP level 4. HP: 21/30 MP: 1/8
  1431 | D:2      | Noticed Crazy Yiuf
  1435 | D:2      | Killed Crazy Yiuf
  1669 | D:3      | Found a basalt altar of Yredelemnul.
  2146 | D:3      | Reached XP level 5. HP: 35/35 MP: 4/9
  2322 | D:4      | Paralysed by a giant eyeball for 3 turns
  2499 | D:4      | Reached skill level 5 in Conjurations
  2795 | D:5      | Entered Level 5 of the Dungeon
  2970 | D:5      | Found a sand-covered staircase.
  3013 | Ossuary  | Entered an ossuary
  3246 | Ossuary  | Reached XP level 6. HP: 41/41 MP: 0/10
  3699 | Ossuary  | Reached skill level 6 in Conjurations
  3721 | Ossuary  | Learned a level 4 spell: Iskenderun's Mystic Blast
  3831 | D:5      | Noticed an ogre
  3896 | D:5      | Killed an ogre
  3896 | D:5      | Reached XP level 7. HP: 26/46 MP: 1/11
  4276 | D:5      | Paralysed by a giant eyeball for 3 turns
  4302 | D:5      | Reached skill level 7 in Conjurations
  4743 | D:6      | Found a staircase to the Ecumenical Temple.
  4747 | D:6      | Found a glowing golden altar of the Shining One.
  4752 | Temple   | Entered the Ecumenical Temple
  5003 | Temple   | Became a worshipper of Vehumet
  5543 | D:6      | Reached XP level 8. HP: 38/52 MP: 7/13
  5600 | D:6      | Found Pliacaqa's Assorted Antiques.
  5611 | D:6      | Found a bloodstained altar of Trog.
  5616 | D:6      | Reached skill level 8 in Conjurations
  5766 | D:6      | Found Shritroept's Book Emporium.
  6210 | D:7      | Found Paf Exul's Distillery.
  6530 | D:8      | Acquired Vehumet's first power
  6530 | D:8      | Offered knowledge of Shock by Vehumet.
  6546 | D:8      | Learned a level 1 spell: Shock
  6628 | D:8      | Reached skill level 1 in Air Magic
  6757 | D:8      | Reached skill level 9 in Conjurations
  7520 | D:8      | Reached XP level 9. HP: 40/57 MP: 14/14
  8231 | D:9      | Reached skill level 10 in Conjurations
  9165 | D:9      | Offered knowledge of Throw Flame by Vehumet.
  9165 | D:9      | Reached skill level 5 in Air Magic
  9170 | D:9      | Learned a level 2 spell: Throw Flame
  9384 | D:9      | Found a roughly hewn altar of Beogh.
  9410 | D:10     | Entered Level 10 of the Dungeon
  9966 | D:10     | Noticed Maurice
  9975 | D:10     | Killed Maurice
  9975 | D:10     | Reached XP level 10. HP: 63/63 MP: 1/15
  9982 | D:10     | Identified a +1 cloak of preservation (You took it off Maurice on level 10 of the Dungeon)
 10936 | D:6      | Bought a book of Air for 490 gold pieces
 11287 | D:9      | Offered knowledge of Inner Flame by Vehumet.
 11301 | D:9      | Reached skill level 11 in Conjurations
 11389 | D:9      | Found a staircase to the Lair.
 11554 | Lair:1   | Entered Level 1 of the Lair of Beasts
 11744 | Lair:1   | Identified a -3 rod of venom (12/12) (You found it on level 1 of the Lair of Beasts)
 12746 | D:9      | Acquired Vehumet's second power
 13320 | D:9      | Found a staircase to the Orcish Mines.
 13821 | D:10     | Noticed Harold
 13821 | D:10     | Noticed Psyche
 13921 | Lair:1   | Offered knowledge of Conjure Flame by Vehumet.
 14185 | Lair:1   | Noticed a black mamba
 14193 | Lair:1   | Killed a black mamba
 14346 | Lair:1   | Acquired Vehumet's third power
 14640 | Lair:1   | Offered knowledge of Mephitic Cloud by Vehumet.
 14645 | Lair:1   | Learned a level 3 spell: Mephitic Cloud
 14670 | Lair:1   | Reached XP level 11. HP: 44/68 MP: 3/22
 14680 | Lair:1   | Learned a level 5 spell: Lightning Bolt
 16130 | Lair:2   | Found a frozen archway.
 16253 | IceCv    | Entered an ice cave
 16670 | IceCv    | Noticed an ice statue
 16887 | IceCv    | Killed an ice statue
 17057 | IceCv    | Slain by a yak

Action                   |  1- 3 |  4- 6 |  7- 9 | 10-12 || total
-------------------------+-------+-------+-------+-------++-------
Melee: Unarmed           |     2 |       |       |       ||     2
       Dagger            |    25 |       |       |       ||    25
       Spear             |       |   261 |   216 |       ||   477
       Cutlass           |       |       |    17 |   290 ||   307
 Cast: Magic Dart        |    43 |    12 |     6 |       ||    61
       Searing Ray       |     2 |    17 |    60 |    36 ||   115
       Iskenderun's Myst |       |       |    27 |    79 ||   106
       Throw Flame       |       |       |     2 |    38 ||    40
       Lightning Bolt    |       |       |       |     3 ||     3
       Mephitic Cloud    |       |       |       |     1 ||     1
 Abil: Bottle Blood      |       |       |       |    15 ||    15
Evoke: Wand              |       |       |       |     7 ||     7
  Use: Potion            |     2 |       |     8 |    25 ||    35
       Scroll            |       |    12 |    11 |     5 ||    28
 Stab: Sleeping          |       |     8 |     7 |     5 ||    20
       Distracted        |       |     2 |       |     2 ||     4
